 Dungeon Crawl Stone Soup version 0.30.1-11-g7821555f0a (webtiles) character file.

Game seed: 955602213900512924

73 porpoise the Shooter (level 4, -3/34 HPs)
             Began as a Demonspawn Hunter on Jan 11, 2024.
             Slain by Sigmund
             ... wielding a +0 scythe
              (8 damage)
             ... on level 2 of the Dungeon.
             The game lasted 00:02:54 (1125 turns).

porpoise the Shooter (Demonspawn Hunter)            Turns: 1125, Time: 00:02:54

Health: -3/34      AC:  6    Str: 12    XL:     4   Next: 8%
Magic:  4/4        EV: 12    Int: 10    God:
Gold:   54         SH:  0    Dex: 18    Spells: 3/3 levels left

rFire   . . .        a - +0 shortbow
rCold   . . .        (shield currently unavailable)
rNeg    . . .        c - +0 leather armour
rPois   .            (no helmet)
rElec   .            (no cloak)
rCorr   .            d - +0 pair of gloves
SInv    .            (no boots)
Will    .....        (no amulet)
Stlth   ++           (no ring)
HPRegen 0.25/turn    (no ring)
MPRegen 0.09/turn

%: no passive effects
@: no status effects
A: molten scales 1, demonic magic 1
a: no special abilities


You were on level 2 of the Dungeon.
You visited 1 branch of the dungeon, and saw 2 of its levels.

You collected 54 gold pieces.

Inventory:

Hand Weapons
 a - a +0 shortbow (weapon)
Armour
 c - a +0 leather armour (worn)
 d - a +0 pair of gloves (worn)
 f - an orb of wrath
Jewellery
 j - a ring of fire
Scrolls
 b - a scroll of immolation
 g - a scroll of noise {unknown}
 h - a scroll of teleportation {unknown}
 k - a scroll of enchant weapon {unknown}
Potions
 e - 2 potions of might {unknown}
 i - 2 potions of curing {unknown}
 l - a potion of haste {unknown}
 m - a potion of lignification {unknown}
 n - a potion of brilliance {unknown}


   Skills:
 + Level 2.9 Fighting
 * Level 4.7 Ranged Weapons
 - Level 1.7 Dodging
 - Level 0.8 Stealth


You had 3 spell levels left.
You didn't know any spells.
Your spell library was empty.

Dungeon Overview and Level Annotations

Branches:
Dungeon (2/15)

Altars:

Annotations:
D:2 Sigmund


Innate Abilities, Weirdness & Mutations

You are partially covered in molten scales. (AC +2)
Spells you cast may paralyse adjacent enemies.


Message History

Found 8 stones.
Found a stone staircase leading down.
Found a stone staircase leading down.
n - a fuming black potion Sigmund and an adder come into view.
Found a stone staircase leading up.
You shoot an arrow. The arrow misses the adder.
The arrow hits Sigmund!
Sigmund shouts!
Sigmund is moderately wounded.
Sigmund casts a spell.
Sigmund flickers and vanishes!
Deactivating autopickup; reactivate with Ctrl-A.
You shoot an arrow. The arrow barely misses the adder.
The adder bites you but does no damage. The adder barely misses you.
You shoot an arrow. The arrow completely misses the adder.
The adder barely misses you. The adder bites you.
You shoot an arrow. The arrow barely misses the adder.
The adder bites you. Something barely misses you. The adder barely misses you.
The adder attacks as you move away! The adder closely misses you.
You shoot an arrow. The arrow hits the adder.
The adder is moderately wounded.
The adder barely misses you. Something hits you.
You shoot an arrow. The arrow hits the adder.
The adder is severely wounded.
The adder closely misses you. The adder barely misses you.
Something hits you but does no damage.
You shoot an arrow. The arrow hits the adder!
You kill the adder!
Something hits you!
You have reached level 4!
You feel stronger.
Your demonic ancestry asserts itself...
A menacing aura infuses your magic.
You shoot an arrow. Something hits you!
* * * LOW HITPOINT WARNING * * *
You shoot an arrow. Something hits you but does no damage.
You shoot an arrow. Something hits you.
* * * LOW HITPOINT WARNING * * *
You shoot an arrow. Something hits you!
You die...

#.# #.# ###### #.# .....#
#.# ####.########.########
....................>#####
####.....................#
####################.###.#
... ........@{.....# ###
############.#.# #
.....S..#.# # ..{.....# #
# ######..# # ...# # ...##
.#. <...


There were no monsters in sight!

Vanquished Creatures
  2 adders (D:2)
  A gnoll (D:1)
  A worm (D:2)
  2 dart slugs (D:2)
  6 ball pythons (D:1)
  4 bats
  4 endoplasms (D:1)
  A giant cockroach (D:2)
  3 goblins (D:1)
  A hobgoblin (D:1)
  3 jackals (D:1)
  4 kobolds (D:1)
  3 frilled lizards
  4 rats (D:1)
39 creatures vanquished.

Notes
Turn   | Place    | Note
-------+----------+-------------------------------------------
     0 | D:1      | porpoise the Demonspawn Hunter began the quest for the Orb.
     0 | D:1      | Reached XP level 1. HP: 16/16 MP: 1/1
    55 | D:1      | Gained mutation: You are partially covered in molten
                  | scales. (AC +2) [demonic ancestry]
    55 | D:1      | Reached XP level 2. HP: 22/22 MP: 2/2
    84 | D:1      | Reached skill level 4 in Ranged Weapons
   252 | D:1      | Reached XP level 3. HP: 28/28 MP: 3/3
  1108 | D:2      | Noticed Sigmund
  1121 | D:2      | Gained mutation: Spells you cast may paralyse adjacent
                  | enemies. [demonic ancestry]
  1121 | D:2      | Reached XP level 4. HP: 19/34 MP: 4/4
  1125 | D:2      | Slain by Sigmund

Illustrated notes

Levels and vault maps discovered:
D:1:      dpeg_arrival_shelter, layout_basic, minmay_misc_feat_columns
D:2:      layout_basic, kennysheep_cross_room, minmay_pentomino_pile,
          uniq_sigmund

Skill      XL: |  1  2 |
---------------+-------+-----
Ranged Weapons | 4 |  4.7
Fighting       | |  2.9
Dodging        | |  1.7
Stealth        | |  0.8

Action                     |  1- 3 |  4- 6 || total
---------------------------+-------+-------++-------
   Fire: Shortbow          |   108 |     4 ||   112
 Armour: Leather armour    |    22 |     1 ||    23
  Dodge: Dodged            |    25 |       ||    25
